 Dungeon Crawl Stone Soup version 0.17-a0-1667-g4ca74a1 (webtiles) character file.

868 Bubnilka the Shield-Bearer (level 8, -3/48 HPs)
             Began as a Gargoyle Fighter on Aug 18, 2015.
             Was an Initiate of Trog.
             Killed by nerve-wracking pain
             ... invoked by Grinder
              (14 damage)
             ... on level 5 of the Dungeon.
             The game lasted 00:11:43 (2982 turns).

Bubnilka the Shield-Bearer (Gargoyle Fighter)       Turns: 2982, Time: 00:11:45

Health: -3/48      AC: 16    Str: 21    XL:     8   Next: 3%
Magic:  8/8        EV:  7    Int: 10    God:    Trog [......]
Gold:   140        SH: 10    Dex:  9    Spells: 0 memorised, 7 levels left

rFire  . . .     SeeInvis .     a - +0 flail
rCold  . . .     Clarity  .     u - +0 chain mail
rNeg   + . .     SustAt   .     c - +0 shield
rPois  ∞         Gourm    .     (no helmet)
rElec  +         Spirit   .     k - +2 cloak
rCorr  .         Warding  .     (no gloves)
rMut   .         Stasis   .     b - +1 pair of boots {Fly}
MR     .....                    (no amulet)
Stlth  ..........               (no ring)
                                (no ring)

@: corroded equipment, flying, not resistant to hostile enchantments, extremely
unstealthy
A: negative energy resistance 1, electricity resistance, unbreathing,
petrification resistance, rot immunity, AC +5
a: Burn Spellbooks, Renounce Religion, Stop Flying


You were on level 5 of the Dungeon.
You worshipped Trog.
Trog was noncommittal.
You were hungry.

You visited 2 branches of the dungeon, and saw 6 of its levels.

You collected 140 gold pieces.

Inventory:

Hand weapons
 a - a +0 flail (weapon)
Armour
 b - a +1 pair of boots of flying (worn)
 c - a +0 shield (worn)
 k - a +2 cloak (worn)
 p - a +0 large shield
 u - a +0 chain mail (worn)
Magical devices
 i - a wand of slowing (32)
Scrolls
 d - a scroll of enchant armour {unknown}
 f - a scroll of blinking {unknown}
 g - a scroll of immolation {unknown}
 h - a scroll of fear {unknown}
 l - 2 scrolls of identify
 n - a scroll of recharging {unknown}
 o - 2 scrolls of remove curse {unknown}
 q - 2 scrolls of amnesia {unknown}
 r - a scroll of enchant weapon {unknown}
 t - a scroll of teleportation {unknown}
Potions
 s - 3 potions of curing
Comestibles
 e - 4 bread rations
 j - 2 meat rations
 m - 3 fruits
 v - a beef jerky


   Skills:
 + Level 4.7 Fighting
 + Level 4.4 Maces & Flails
 + Level 5.2 Armour
 + Level 3.3 Dodging
 + Level 1.0 Stealth
 + Level 5.5 Shields
 + Level 0.1 Evocations


You had 7 spell levels left.
You didn't know any spells.

Dungeon Overview and Level Annotations

Branches:
Dungeon (5/15)             Temple (1/1) D:4

Altars:
Dithmenos
Fedhas
Gozag
Kikubaaqudgha
Makhleb
Nemelex Xobeh
Okawaru
Ru
Trog
Vehumet
Xom
Yredelemnul
Zin
The Shining One

Annotations:
D:5 Grinder


Innate Abilities, Weirdness & Mutations

You are resistant to torment.
Your stone body is resilient (AC +5).
You are immune to poison.
You resist negative energy.
You are resistant to electric shocks.
You can survive without breathing.
You are immune to petrification.
You are immune to rotting.


Message History

The ooze quivers.
You hit the jelly.
Your hands burn!
The jelly is lightly wounded.
The jelly hits you.
You are splashed with acid!
The acid burns!
You hit the jelly.
Your hands burn!
The jelly is moderately wounded.
You block the jelly's attack. The jelly hits you but does no damage.
You hit the jelly. The acid corrodes you!
Your hands burn!
* * * LOW HITPOINT WARNING * * *
The jelly is moderately wounded.
You block the jelly's attack.
Grinder gestures.
Grinder blinks!
You sock the jelly!
Your hands burn!
* * * LOW HITPOINT WARNING * * *
The jelly is severely wounded.
The jelly hits you but does no damage. Grinder gestures at you.
Pain shoots through your body!
You die...

...........# ...........
........... ..%.....
......# #J...# #..J.#
>..... #..@5# #....# .
###....# #....#
..##......#######....####
#.........##......#.....#
......#[..#..............
........†................
..######.#...............
##.#...............
#..#.............[.


You could see Grinder, a jelly and an ooze.

Vanquished Creatures
  The ghost of droidenko the Ducker, an average TrBe of Trog (D:4)
  Sigmund (D:2)
  An ogre (D:4)
  A hound (D:3)
  A giant frog zombie (D:4)
  An orc priest (D:4)
  An orc wizard (D:3)
  Jessica (D:2)
  An iguana (D:4)
  Natasha (thrice) (D:2)
  2 worker ants
  4 adders
  2 oozes
  5 worms
  4 giant geckos
  7 orcs
  8 hobgoblins
  4 jackals (D:2)
  6 kobolds
  8 bats
  A giant gecko skeleton (D:5)
  7 giant newts
  5 goblins
  A quokka skeleton (D:4)
  8 rats
84 creatures vanquished.

Notes
Turn   | Place    | Note
--------------------------------------------------------------
     0 | D:1      | Bubnilka the Gargoyle Fighter began the quest for the Orb.
     0 | D:1      | Reached XP level 1. HP: 14/14 MP: 1/1
   184 | D:1      | Reached XP level 2. HP: 17/19 MP: 2/2
   712 | D:2      | Noticed Jessica
   721 | D:2      | Killed Jessica
   721 | D:2      | Reached XP level 3. HP: 22/24 MP: 3/3
   820 | D:2      | Reached skill level 1 in Dodging
   829 | D:2      | Noticed Natasha
   842 | D:2      | Killed Natasha
   842 | D:2      | Reached XP level 4. HP: 25/29 MP: 4/4
  1068 | D:2      | Noticed Sigmund
  1074 | D:2      | Killed Sigmund
  1074 | D:2      | Reached skill level 4 in Armour
  1074 | D:2      | Reached skill level 1 in Stealth
  1074 | D:2      | Reached XP level 5. HP: 31/33 MP: 5/5
  1074 | D:2      | Reached XP level 6. HP: 35/38 MP: 6/6
  1119 | D:2      | Noticed Natasha
  1131 | D:2      | Killed Natasha
  1304 | D:2      | Noticed Natasha
  1308 | D:2      | Killed Natasha
  1853 | D:3      | Found a burning altar of Makhleb.
  1879 | D:3      | Found an opulent altar of Gozag.
  2140 | D:4      | Found a staircase to the Ecumenical Temple.
  2150 | Temple   | Entered the Ecumenical Temple
  2183 | Temple   | Became a worshipper of Trog the Wrathful
  2442 | D:4      | Reached XP level 7. HP: 13/43 MP: 7/7
  2672 | D:4      | Noticed droidenko's ghost (average TrBe)
  2690 | D:4      | Killed droidenko's ghost
  2690 | D:4      | Reached skill level 5 in Shields
  2774 | D:4      | Reached skill level 5 in Armour
  2896 | D:5      | Entered Level 5 of the Dungeon
  2949 | D:5      | Reached XP level 8. HP: 48/48 MP: 8/8
  2976 | D:5      | Noticed Grinder
  2982 | D:5      | Killed from afar by Grinder

Vault maps used:
D:1:      mrwooster_arrival_statue_3
D:2:      uniq_sigmund, uniq_natasha, uniq_jessica
D:3:      overflow_temple_1_default, grunt_ministairs_10,
          minmay_misc_feat_doors, makhleb_blood_cavern_becter
D:4:      minmay_temple_entry_junction, first_bread
D:5:      minmay_stone_trees_small, uniq_grinder
Temple:   kilobyte_greek_temple_18

Action                   |  1- 3 |  4- 6 |  7- 9 || total
-------------------------+-------+-------+-------++-------
Melee: Flail             |    92 |   178 |    90 ||   360
Evoke: Wand              |       |       |     1 ||     1
  Use: Potion            |     3 |     2 |     1 ||     6
       Scroll            |       |       |     1 ||     1
  Eat: Chunk             |       |     3 |     2 ||     5
       Pizza             |       |     1 |       ||     1
